 Dungeon Crawl Stone Soup version 0.29.0-11-gd7f09526c8 (webtiles) character file.

Game seed: 14616208546208524971

637 Armakuni the Twirler (level 7, -1/56 HPs)
             Began as a Demigod Delver on Sept 2, 2022.
             Slain by Edmund
             ... wielding a +1 dire flail of protection
              (11 damage)
             ... on level 5 of the Dungeon.
             The game lasted 00:09:29 (3467 turns).

Armakuni the Twirler (Demigod Delver)               Turns: 3467, Time: 00:09:30

Health: -1/56      AC:  7    Str: 17    XL:     7   Next: 4%
Magic:  9/9        EV: 12    Int: 16    God:
Gold:   253        SH:  0    Dex: 15    Spells: 6/6 levels left

rFire   . . .      SeeInvis .   b - +8 rapier of the Scavenger {vorpal, rElec}
rCold   . . .      Faith    .   (no shield)
rNeg    + . .      Spirit   .   f - +3 leather armour
rPois   .          Reflect  .   (no helmet)
rElec   +          Harm     .   (no cloak)
rCorr   .          Rampage  .   (no gloves)
Will    .....                   m - +0 pair of boots
Stlth   +++.......              (no amulet)
HPRegen 0.18/turn               N - ring of positive energy
MPRegen 0.11/turn               (no ring)

@: no status effects
A: high MP 1, forlorn, divine attributes
a: no special abilities


You were on level 5 of the Dungeon.
You visited 1 branch of the dungeon, and saw 6 of its levels.

You collected 253 gold pieces.

Inventory:

Hand Weapons
 a - a +1 flail of holy wrath
 b - the +8 rapier of the Scavenger (weapon) {vorpal, rElec}
   (You found it on level 5 of the Dungeon)

   It inflicts extra damage upon your enemies.
   rElec:     It insulates you from electricity.
Missiles
 e - 8 poisoned darts (quivered)
 i - 5 boomerangs
 j - 5 javelins
Armour
 f - a +3 leather armour (worn)
 m - a +0 pair of boots (worn)
Jewellery
 F - a ring of fire
 N - a ring of positive energy (left hand)
Wands
 k - a wand of digging (2)
Scrolls
 c - 2 scrolls of fog
 h - 2 scrolls of identify
Potions
 d - a potion of brilliance


   Skills:
 - Level 2.6 Fighting
 - Level 1.7(4.8) Maces & Flails
 + Level 7.1(7.2) Staves
 - Level 1.7 Dodging
 - Level 4.5 Stealth


You had 6 spell levels left.
You didn't know any spells.
Your spell library contained the following spells:

 Spells                   Type           Power      Damage    Failure   Level
 Gell's Gravitas          Tloc           0%         N/A       67%         3
 Lesser Beckoning         Tloc           0%         N/A       67%         3
 Teleport Other           Tloc           0%         N/A       67%         3


Dungeon Overview and Level Annotations

Branches:
Dungeon (6/15)             Temple (0/1) D:4

Annotations:
D:1 2 runed translucent doors
D:2 Natasha
D:5 Edmund


Innate Abilities, Weirdness & Mutations

You have an increased reservoir of magic. (+10% MP)
You shall have no god before yourself.
Your divine heritage dramatically boosts your attributes as you level up.


Message History

Okay, then.
Unknown command.
Okay, then.
You feel better.
Edmund drinks a potion.
Edmund is healed!
You hit Edmund.
Edmund is heavily wounded.
Edmund hits you with a +1 dire flail of protection.
You puncture Edmund!
Edmund is severely wounded.
Edmund hits you with a +1 dire flail of protection.
You hit Edmund but do no damage.
Edmund is severely wounded.
Edmund barely misses you.
You barely miss Edmund.
Edmund is severely wounded.
Edmund hits you with a +1 dire flail of protection!
* * * LOW HITPOINT WARNING * * *
Edmund hits you but does no damage.
You barely miss Edmund.
Edmund is severely wounded.
Edmund barely misses you.
You closely miss Edmund.
Edmund is severely wounded.
Edmund grinds his teeth, and then sighs.
Edmund completely misses you.
You barely miss Edmund.
Edmund is heavily wounded.
Edmund misses you.
You hit Edmund but do no damage.
Edmund is heavily wounded.
Edmund completely misses you.
You hit Edmund.
Edmund is severely wounded.
Edmund closely misses you.
Edmund hits you with a +1 dire flail of protection.
* * * LOW HITPOINT WARNING * * *
You hit Edmund but do no damage.
Edmund is severely wounded.
Edmund hits you with a +1 dire flail of protection!
You die...

.# #......#....# .#
#......#....# ##
#......#....# ######
#......##..## #....#
#......##+#.#### #....#
#.......+...#..# #....#
#####'###..#...# #....#
##.....##..#...# .#####
#......@...#...# .#
#.....@######..# .#
#......##..##..#
.##############'##......#
.............#..##......#
.............#..#.......#
.............#..#.......#
.............'..##..##..#
...####..)...#####..##..#


You could see Edmund.

Vanquished Creatures
  An ice beast (D:5)
  A black bear (D:5)
  A phantom (D:5)
  A scorpion (D:5)
  A hound (D:5)
  2 iguanas (D:5)
  Ijyb (D:5)
  4 adders
  2 dart slugs
  5 orcs
  7 ball pythons
  3 bats
  4 endoplasms (D:1)
  4 giant cockroaches
  4 goblins
  6 hobgoblins
  3 jackals (D:1)
  4 quokkas (D:1)
  3 kobolds
  6 rats
63 creatures vanquished.

Vanquished Creatures (collateral kills)
  2 orc priests (D:6)
  2 orc wizards (D:6)
  2 orcs (D:6)
6 creatures vanquished.

Grand Total: 69 creatures vanquished

Notes
Turn   | Place    | Note
-------+----------+-------------------------------------------
     0 | D:5      | Armakuni the Demigod Delver began the quest for the Orb.
     0 | D:5      | Reached XP level 1. HP: 18/18 MP: 3/3
   101 | D:4      | Found a staircase to the Ecumenical Temple.
   101 | D:4      | Noticed an orc priest
   103 | D:4      | Noticed an orc wizard
   190 | D:4      | Noticed an orc wizard
   211 | D:4      | Reached skill level 1 in Staves
   339 | D:4      | Noticed a black bear
   392 | D:4      | Noticed an iguana
   503 | D:2      | Reached skill level 2 in Staves
   503 | D:2      | Reached XP level 2. HP: 23/25 MP: 4/4
   784 | D:1      | Reached XP level 3. HP: 30/30 MP: 5/5
   907 | D:1      | Found a large runed translucent door.
   907 | D:1      | Found a large runed translucent door.
  1182 | D:1      | Reached skill level 3 in Staves
  1662 | D:2      | Noticed Natasha
  1711 | D:3      | Reached XP level 4. HP: 27/37 MP: 6/6
  1892 | D:3      | You fall into a shaft and drop 2 floors!
  2114 | D:5      | Noticed Edmund
  2139 | D:5      | Reached skill level 4 in Staves
  2139 | D:5      | Reached XP level 5. HP: 42/42 MP: 7/7
  2198 | D:5      | Noticed an ice beast
  2243 | D:5      | Killed an ice beast
  2244 | D:5      | Reached skill level 5 in Staves
  2474 | D:5      | Noticed Ijyb
  2492 | D:5      | Killed Ijyb
  2493 | D:5      | Reached XP level 6. HP: 48/50 MP: 8/8
  2564 | D:5      | Reached skill level 6 in Staves
  2955 | D:5      | Identified the +8 rapier of the Scavenger {vorpal, rElec}
  3210 | D:5      | Reached skill level 7 in Staves
  3274 | D:6      | Noticed a water moccasin
  3300 | D:5      | Reached XP level 7. HP: 32/56 MP: 9/9
  3467 | D:5      | Slain by Edmund

Illustrated notes

Levels and vault maps discovered:
D:1:      erik_arrival_cave_to_civilisation [erik_arrival_cave_to_temple],
          layout_loops_ring, hellmonk_ecumenical_altar_defaced_shrine
D:2:      layout_rooms, chequers_avenue, lemuel_old_faithful, uniq_natasha,
          uniq_crazy_yiuf_cottage
D:3:      layout_loops_cross, minmay_divided_ellipse
D:4:      layout_loops_cross, mainiacjoe_overflow_swirl,
          minmay_temple_entry_waves, cheibrodos_sewer_entry_sluice,
          serial_bayou_pond_e, uniq_eustachio
D:5:      layout_gridville, amethyst_overflow_temple_binary, uniq_edmund,
          uniq_ijyb
D:6:      layout_rooms, nrook_pool_corridor

Skill      XL: |  1  2  3  4  5  6 |
---------------+-------------------+-----
Staves         | 2 3 4 5 7 |  7.1
Fighting       | |  2.6
Maces & Flails | |  1.7
Dodging        | |  1.7
Stealth        | |  4.5

Action                   |  1- 3 |  4- 6 |  7- 9 || total
-------------------------+-------+-------+-------++-------
Melee: Flail             |   133 |    64 |       ||   197
       Mace              |    14 |       |       ||    14
       Punch             |       |     1 |       ||     1
       Rapier            |       |    11 |    31 ||    42
Throw: Boomerang         |     1 |       |       ||     1
       Dart              |       |     5 |       ||     5
Evoke: Wand              |     1 |     1 |       ||     2
  Use: Scroll            |     7 |     2 |       ||     9
       Potion            |     3 |     5 |     2 ||    10
 Stab: Sleeping          |    10 |     3 |       ||    13
Armor: Leather armour    |    73 |    27 |     2 ||   102
Dodge: Dodged            |    94 |    53 |    20 ||   167
